 Dungeon Crawl Stone Soup version 0.30.1-9-gdf580d7c3d (webtiles) character file.

Game seed: 16328259733064458353

96 lonewolfV2 the Shield-Bearer (level 4, -6/37 HPs)
             Began as a Formicid Fighter on Sept 27, 2023.
             Mangled by Robin
             ... wielding a +4 spear of flaming
              (7 damage)
             ... on level 2 of the Dungeon.
             The game lasted 00:01:36 (1082 turns).

lonewolfV2 the Shield-Bearer (Formicid Fighter)     Turns: 1082, Time: 00:01:37

Health: -6/37      AC:  2    Str: 24    XL:     4   Next: 98%
Magic:  4/4        EV: 16    Int:  8    God:
Gold:   31         SH:  5    Dex: 15    Spells: 3/3 levels left

rFire   + + .        a - +0 war axe
rCold   . . .        c - +0 buckler
rNeg    . . .        l - +0 robe of Vanity {+Inv rF++ Str+4}
rPois   .            (helmet unavailable)
rElec   .            (no cloak)
rCorr   .            (no gloves)
SInv    +            (no boots)
Will    .....        (no amulet)
Stlth   +            f - +5 ring of evasion
HPRegen 0.26/turn    (no ring)
MPRegen 0.09/turn

%: no passive effects
@: no status effects
A: permanent stasis, dig shafts and tunnels, antennae 3, four strong arms
a: Dig, Shaft Self, Evoke Invisibility


You were on level 2 of the Dungeon.
You visited 1 branch of the dungeon, and saw 2 of its levels.

You collected 31 gold pieces.

Inventory:

Hand Weapons
 a - a +0 war axe (weapon)
Armour
 b - a +0 scale mail
 c - a +0 buckler (worn)
 l - the +0 robe of Vanity (worn) {+Inv rF++ Str+4}
   (You found it on level 2 of the Dungeon)

   Str:       It affects your strength (+4).
   rF:        It greatly protects you from fire.
   +Inv:      It lets you turn invisible.
Jewellery
 f - a +5 ring of evasion (left hand)
Scrolls
 d - a scroll of fear {unknown}
 g - 5 scrolls of identify {unknown}
 h - a scroll of vulnerability {unknown}
 j - a scroll of magic mapping {unknown}
 m - a scroll of enchant armour {unknown}
Potions
 e - 2 potions of flight {unknown}
 i - 4 potions of lignification {unknown}
 k - a potion of resistance {unknown}


   Skills:
 + Level 4.0 Fighting
 + Level 3.0 Axes
 + Level 3.8 Armour
 + Level 1.3 Dodging
 + Level 0.1 Stealth
 + Level 4.4 Shields


You had 3 spell levels left.
You didn't know any spells.
Your spell library contained the following spells:

 Spells                   Type           Power      Damage    Failure   Level
 Kiss of Death            Conj/Necr      0%         2d5       45%         1
 Confusing Touch          Hex            0%         N/A       83%         3
 Dispel Undead            Necr           0%         3d6       99%         4


Dungeon Overview and Level Annotations

Branches:
Dungeon (2/15)

Altars:

Annotations:
D:2 Robin


Innate Abilities, Weirdness & Mutations

You cannot be hasted, slowed, berserked, paralysed or teleported.
You can dig through walls and to a lower floor.
You have a pair of large antennae on your head. (SInv)
Your four strong arms can wield two-handed weapons with a shield.


Message History

Robin closely misses you. You block Robin's attack.
Unknown command.
The hobgoblin no longer looks unusually strong.
A goblin comes into view. It is wielding a +1 dagger of venom.
Items here: )) ††.
You slash the dart slug!
The dart slug is severely wounded.
Robin hits you from afar with a +4 spear of flaming.
* * * LOW HITPOINT WARNING * * *
The dart slug closely misses you.
You slash the dart slug!
You kill the dart slug!
The goblin no longer looks unusually strong.
Robin roars a battlecry!
The goblins go into a battle-frenzy!
Your Axes skill increases to level 3!
You slash the hobgoblin!
You kill the hobgoblin!
Robin barely misses you.
Robin hits you from afar with a +4 spear of flaming.
* * * LOW HITPOINT WARNING * * *
You block Robin's attack. You block the goblin's attack.
Things that are here:
a hobgoblin corpse; a dart slug corpse; a hobgoblin corpse You slash the goblin!
You kill the goblin!
You completely miss Robin.
Robin hits you with a +4 spear of flaming.
* * * LOW HITPOINT WARNING * * *
You block Robin's attack.
Items here: ))) †.
You hit Robin.
Robin is lightly wounded.
Robin hits you with a +4 spear of flaming.
* * * LOW HITPOINT WARNING * * *
Robin misses you.
You completely miss Robin.
Robin is lightly wounded.
Robin hits you with a +4 spear of flaming!
You die...

#.##. #.#. ###.#. ....
... ..#####.# ##..
#.()....###########....
#)@g....##........
#.....#†###............
.#### #)##.............
##.#)#...)........#
.....................#.
..................>....
..#.......#.........##..
..#.......##.......## #
..........##..##.#.##.#


You could see Robin.

Vanquished Creatures
  4 gnolls (D:2)
  3 worms (D:2)
  4 dart slugs
  A bat (D:1)
  4 endoplasms
  A giant cockroach (D:1)
  6 hobgoblins
  2 jackals (D:2)
  A kobold (D:1)
  4 ball pythons (D:1)
  8 goblins
  3 rats
41 creatures vanquished.

Notes
Turn   | Place    | Note
-------+----------+-------------------------------------------
     0 | D:1      | lonewolfV2 the Formicid Fighter began the quest for the
                  | Orb.
     0 | D:1      | Reached XP level 1. HP: 18/18 MP: 1/1
   152 | D:1      | Reached XP level 2. HP: 25/25 MP: 2/2
   432 | D:1      | Found a faded altar of an unknown god.
   432 | D:1      | Noticed a cacodemon
   532 | D:1      | Reached XP level 3. HP: 30/30 MP: 3/3
   693 | D:2      | Identified the +0 robe of Vanity {+Inv rF++ Str+4}
   754 | D:2      | Reached XP level 4. HP: 2/37 MP: 4/4
   756 | D:2      | Reached skill level 1 in Dodging
  1061 | D:2      | Noticed Robin
  1081 | D:2      | HP: 1/37 [Robin/+4 spear of flaming (4)]
  1082 | D:2      | Mangled by Robin

Illustrated notes

Levels and vault maps discovered:
D:1:      ncdulo_watergridlock, layout_basic,
          dreamdust_ecumenical_altar_sealed_demon
D:2:      layout_rooms, uniq_robin, uniq_natasha

Skill      XL: |  1  2  3  4 |
---------------+-------------+-----
Dodging        | 1 |  1.3
Fighting       | 4 |  4.0
Axes           | 3 |  3.0
Armour         | |  3.8
Stealth        | |  0.1
Shields        | |  4.4

Action                     |  1- 3 |  4- 6 || total
---------------------------+-------+-------++-------
  Melee: War axe           |    60 |    22 ||    82
    Use: Potion            |       |     1 ||     1
 Armour: Scale mail        |    22 |       ||    22
         Robe              |     1 |     4 ||     5
  Dodge: Dodged            |    54 |    27 ||    81
  Block: Buckler           |    18 |    11 ||    29
